 Dungeon Crawl Stone Soup version 0.28.0-43-g3370ac3207 (webtiles) character file.

Game seed: 15973030224694844803

26656 pkoi the Destroyer (level 13, -7/70 HPs)
             Began as a Deep Elf Conjurer on Mar 15, 2022.
             Was an Elder of Sif Muna.
             Mangled by a seven-headed hydra (8 damage)
             ... on level 4 of the Lair of Beasts.
             The game lasted 00:36:59 (23885 turns).

pkoi the Destroyer (Deep Elf Conjurer)             Turns: 23885, Time: 00:37:00

Health: -7/70      AC:  8    Str:  7    XL:     13   Next: 0%
Magic:  5/29       EV: 20    Int: 38    God:    Sif Muna [****..]
Gold:   643        SH:  0    Dex: 13    Spells: 7/33 levels left

rFire   . . .      SeeInvis .   H - +2 dagger (venom)
rCold   . . .      Faith    .   (no shield)
rNeg    . . .      Spirit   .   a - +1 robe
rPois   .          Reflect  .   I - +1 hat {Int+3}
rElec   +          Harm     .   (no cloak)
rCorr   .          Rampage  .   P - +0 pair of gloves "Ibiseuh" {rElec Str+3 Slay+5}
Will    +....                   y - +2 pair of boots
Stlth   ++........              x - amulet of magic regeneration
HPRegen 0.21/turn               j - +6 ring of intelligence
MPRegen 0.61/turn               r - +4 ring of evasion

@: no status effects
A: no striking features
a: Renounce Religion, Channel Magic, Forget Spell, Divine Exegesis


You were on level 4 of the Lair of Beasts.
You worshipped Sif Muna.
Sif Muna was greatly pleased with you.
You visited 3 branches of the dungeon, and saw 16 of its levels.
You also visited: Ice Cave.

You collected 845 gold pieces.
You spent 202 gold pieces at shops.

Inventory:

Hand Weapons
 H - a +2 dagger of venom (weapon)
Missiles
 z - a curare-tipped dart
Armour
 a - a +1 robe (worn)
 y - a +2 pair of boots (worn)
 I - a +1 hat of intelligence (worn)
 P - the +0 pair of gloves "Ibiseuh" (worn) {rElec Str+3 Slay+5}
   (You found it on level 2 of the Lair of Beasts)

   Str:       It affects your strength (+3).
   Slay:      It affects your accuracy & damage with ranged weapons and melee
   (+5).
   rElec:     It insulates you from electricity.
Jewellery
 f - a ring of ice
 j - a +6 ring of intelligence (left hand)
 l - a ring of wizardry
 o - a ring of fire
 r - a +4 ring of evasion (right hand)
 u - a ring of flight
 x - an amulet of magic regeneration (around neck)
 D - a ring of protection from cold
 E - a ring of poison resistance
 F - a ring of protection from fire
Wands
 e - a wand of charming (8)
 k - a wand of acid (8)
 n - a wand of flame (14)
 q - a wand of iceblast (17)
 v - a wand of paralysis (8)
 G - a wand of polymorph (4)
Scrolls
 b - a scroll of identify
 h - 8 scrolls of amnesia
 m - 4 scrolls of teleportation
 p - a scroll of fear
 w - 4 scrolls of enchant weapon
 B - a scroll of magic mapping
 C - a scroll of fog
 K - a scroll of vulnerability
 L - a scroll of brand weapon
 N - a scroll of blinking
Potions
 c - a potion of invisibility
 d - 7 potions of curing
 g - a potion of experience {unknown}
 i - 3 potions of heal wounds
 s - 3 potions of might
 t - 2 potions of resistance
 A - 3 potions of flight
 M - a potion of magic
 O - a potion of berserk rage {unknown}


   Skills:
 + Level 4.0 Fighting
 + Level 9.0 Dodging
 - Level 2.4 Stealth
 + Level 10.6 Spellcasting
 + Level 11.7 Conjurations
 + Level 10.9 Hexes
 + Level 7.2 Summonings
 + Level 2.9 Necromancy
 + Level 8.8 Translocations
 + Level 4.1 Transmutations
 + Level 6.5 Air Magic
 + Level 2.6 Earth Magic
 + Level 2.8 Invocations


You had 7 spell levels left.
You knew the following spells:

 Your Spells              Type           Power      Damage    Failure   Level
a - Magic Dart            Conj           100%       1d8       0%          1
b - Searing Ray           Conj           100%       2d8       1%          2
c - Fulminant Prism       Conj/Hex       41%        3d20      1%          4
d - Iskenderun's Mystic   Conj/Tloc      78%        2d16      1%          4
e - Irradiate             Conj/Tmut      34%        3d25      1%          5
f - Summon Lightning Spi  Summ/Air       64%        N/A       1%          4
g - Apportation           Tloc           100%       N/A       1%          1
h - Borgnjor's Vile Clut  Necr/Erth      20%        N/A       17%         5

Your spell library contained the following spells:

 Spells                   Type           Power      Damage    Failure   Level
 Beastly Appendage        Tmut           100%       N/A       1%          1
 Freeze                   Ice            80%        1d9       1%          1
 Summon Small Mammal      Summ           100%       N/A       1%          1
 Sublimation of Blood     Necr           42%        N/A       1%          2
 Wereblood                Tmut           51%        N/A       1%          2
 Call Canine Familiar     Summ           66%        N/A       1%          3
 Dazzling Flash           Conj/Hex       100%       N/A       1%          3
 Portal Projectile        Hex/Tloc       100%       N/A       1%          3
 Summon Guardian Golem    Hex/Summ       73%        N/A       1%          3
 Airstrike                Air            31%        N/A       1%          4
 Hailstorm                Conj/Ice       59%        3d13      1%          4
 Lightning Bolt           Conj/Air       37%        1d55      1%          5
 Silence                  Hex/Air        36%        N/A       1%          5
 Spider Form              Tmut/Pois      36%        N/A       2%          3
 Petrify                  Tmut/Erth      46%        N/A       4%          4
 Frozen Ramparts          Ice            40%        1d6       6%          3
 Dispersal                Tloc           36%        N/A       8%          6
 Blade Hands              Tmut           25%        N/A       10%         5
 Agony                    Necr           42%        N/A       16%         5
 Excruciating Wounds      Necr           21%        N/A       16%         5
 Lee's Rapid Deconstruct  Erth           20%        3d13*     17%         5


Dungeon Overview and Level Annotations

Branches:
Dungeon (11/15)            Temple (1/1) D:5            Lair (4/6) D:10
  Swamp (0/4) Lair:4        Snake (0/4) Lair:2          Orc (0/2) D:10
  IceCv (visited)

Altars:
Ashenzari
Cheibriados
Dithmenos
Elyvilon
Fedhas
Gozag
Hepliaklqana
Kikubaaqudgha
Makhleb
Nemelex Xobeh
Okawaru
Qazlal
Ru
Sif Muna
Trog
Uskayaw
Vehumet
Wu Jian
Xom
Yredelemnul
Zin
The Shining One
Lugonu

Shops:
D:2 [

Annotations:
D:7 2 transporters


Message History

Your fulminant prism crackles loudly.
Casting: Iskenderun's Mystic Blast (safe; 1% risk of failure)
Confirm with . or Enter, or press ? or * to list all spells.
You erupt in a blast of force!
The mystic blast hits the seven-headed hydra!
The seven-headed hydra is lightly wounded.
The mystic blast hits the elephant.
The elephant is severely wounded.
The elephant is knocked back by the mystic blast.
The catoblepas breathes a plume of calcifying dust at you.
The blast of calcifying dust hits you but does no damage.
Your fulminant prism explodes!
The blast of energy engulfs the seven-headed hydra!!
The seven-headed hydra is heavily wounded.
The blast of energy engulfs you!!
* * * LOW HITPOINT WARNING * * *
You hear an angry growl.
You hear an angry hiss. x2; You hear a bellow!
Unknown command.
Unknown command.
Casting: Iskenderun's Mystic Blast (safe; 1% risk of failure)
Confirm with . or Enter, or press ? or * to list all spells.
You erupt in a blast of force!
The mystic blast hits the seven-headed hydra!
The seven-headed hydra is severely wounded.
The seven-headed hydra is knocked back by the mystic blast.
The mystic blast hits the elephant!
The elephant is severely wounded.
The elephant is knocked back by the mystic blast.
An elephant comes into view.
Unknown command.
Found an arbalest.
A nearby fungus withers and dies. 2 komodo dragons come into view.
The seven-headed hydra bites you.
* * * LOW HITPOINT WARNING * * *
The seven-headed hydra bites you!
* * * LOW HITPOINT WARNING * * *
The seven-headed hydra bites you!
* * * LOW HITPOINT WARNING * * *
The seven-headed hydra bites you!
You die...

l...P....P.
....#.......## ...
..)......l..P#...#
.............#P..P..
....................
....#...##..........
.............##......
......>@.....Y...P..###
........D...Y..Y.#..P.#
...........<...........
...........§...........
............§Y....P.....
.....>....##......P...P#
...........##..Y......##
....#...#.......§......#
#.#.♣≈♣≈≈♣....YY....##


You could see a seven-headed hydra, 3 elephants and 2 komodo dragons.

Vanquished Creatures
  3 hydras
  A catoblepas (Lair:2)
  A two-headed ogre (D:9)
  Nergalle (Lair:2)
  An ugly thing (IceCv)
  An ice statue (IceCv)
  A black mamba (Lair:2)
  A torpor snail (Lair:2)
  6 cane toads
  Psyche (D:11)
  An entropy weaver simulacrum (IceCv)
  2 rime drakes
  6 ice devils (IceCv)
  A komodo dragon (Lair:3)
  2 trolls
  A hornet (D:8)
  9 blink frogs
  4 dream sheep (Lair:2)
  A shadow (D:5)
  4 wyverns
  A wraith (D:9)
  37 yaks
  2 steam dragons
  A death yak simulacrum (IceCv)
  4 nagas (Lair:2)
  3 acid dragons
  7 water moccasins
  2 orc warriors
  A sky beast (D:8)
  A necrophage (D:3)
  3 ice beasts
  An ogre (D:6)
  4 centaurs
  11 wolves
  4 phantoms
  A kobold brigand (D:7)
  7 bullfrogs
  A scorpion (D:6)
  A gnoll sergeant (D:7)
  2 cane toad simulacra (IceCv)
  A water moccasin zombie (D:5)
  A wyvern skeleton (D:6)
  A water moccasin skeleton (D:5)
  9 killer bees
  5 wights (D:7)
  2 electric eels (D:10)
  13 hounds
  A bullfrog zombie (D:6)
  A jelly (D:5)
  4 orc priests
  3 centaur zombies
  A gnoll shaman (D:3)
  3 iguanas
  4 orc wizards
  3 troll simulacra (IceCv)
  A spriggan simulacrum (IceCv)
  2 polar bear simulacra (IceCv)
  2 wolf simulacra (IceCv)
  A hound zombie (D:5)
  A howler monkey zombie (D:9)
  7 gnolls
  4 naga simulacra (IceCv)
  3 adders
  A shadow imp (D:6)
  3 white imps
  3 ufetubi (IceCv)
  A worm (D:4)
  2 dart slugs
  29 orcs
  4 endoplasms
  3 giant cockroaches
  9 goblins
  4 hobgoblins
  4 quokkas
  4 ball pythons
  5 bats
  5 frilled lizards
  16 kobolds
  6 rats
314 creatures vanquished.

Vanquished Creatures (collateral kills)
  Gastronok (Lair:1)
1 creature vanquished.

Vanquished Creatures (others)
  102 fulminant prisms
  17 fungi
  13 plants
132 creatures vanquished.

Grand Total: 447 creatures vanquished

Notes
Turn   | Place    | Note
-------+----------+-------------------------------------------
     0 | D:1      | pkoi the Deep Elf Conjurer began the quest for the Orb.
     0 | D:1      | Reached XP level 1. HP: 10/10 MP: 6/6
   132 | D:1      | Reached XP level 2. HP: 15/15 MP: 2/8
   563 | D:1      | Reached skill level 5 in Conjurations
  1102 | D:2      | Found Xigiv's Antique Armour Shoppe.
  1114 | D:2      | Learned a level 2 spell: Searing Ray
  1142 | D:2      | Found a shadowy altar of Dithmenos.
  1172 | D:2      | Reached XP level 3. HP: 19/19 MP: 5/9
  1975 | D:3      | Reached skill level 6 in Conjurations
  2025 | D:3      | Found a sparkling altar of Nemelex Xobeh.
  2122 | D:3      | Reached XP level 4. HP: 24/24 MP: 7/10
  2170 | D:3      | Noticed a necrophage
  2175 | D:3      | Killed a necrophage
  2176 | D:3      | Reached skill level 7 in Conjurations
  2176 | D:3      | Reached XP level 5. HP: 28/28 MP: 5/11
  2427 | D:3      | Learned a level 4 spell: Fulminant Prism
  2548 | D:3      | Found a faded altar of an unknown god.
  2630 | D:3      | Found a shimmering altar of Xom.
  3150 | D:3      | Reached skill level 1 in Hexes
  4089 | D:3      | Reached XP level 6. HP: 7/32 MP: 2/13
  4384 | D:2      | Bought a pair of embroidered boots for 202 gold pieces
  5507 | D:3      | Learned a level 4 spell: Iskenderun's Mystic Blast
  5940 | D:4      | Reached skill level 1 in Translocations
  5940 | D:4      | Reached XP level 7. HP: 36/36 MP: 9/16
  7062 | D:4      | Found a burning altar of Makhleb.
  7062 | D:4      | Noticed a green death
  7066 | D:4      | Noticed a ynoxinul
  7066 | D:4      | Noticed an orange demon
  7182 | D:4      | Found an iron altar of Okawaru.
  7182 | D:4      | Found a glowing golden altar of the Shining One.
  7191 | D:5      | Entered Level 5 of the Dungeon
  7198 | D:5      | Reached skill level 5 in Spellcasting
  7494 | D:5      | Reached skill level 8 in Conjurations
  7762 | D:5      | Reached skill level 1 in Fighting
  8231 | D:5      | Noticed a shadow
  8244 | D:5      | Found a staircase to the Ecumenical Temple.
  8255 | Temple   | Entered the Ecumenical Temple
  8418 | Temple   | Became a worshipper of Sif Muna the Loreminder
  8435 | D:5      | Killed a shadow
  8436 | D:5      | Reached XP level 8. HP: 31/43 MP: 10/18
  9021 | D:5      | Reached skill level 5 in Hexes
 10507 | D:6      | Reached skill level 5 in Dodging
 11026 | D:6      | Learned a level 5 spell: Irradiate
 11198 | D:7      | Reached skill level 9 in Conjurations
 11503 | D:6      | Reached XP level 9. HP: 50/50 MP: 11/20
 11840 | D:6      | Learned a level 4 spell: Summon Lightning Spire
 12235 | D:7      | Found a transporter.
 12235 | D:7      | Noticed a cyan ugly thing
 12237 | D:7      | Found a corrupted altar of Lugonu.
 12237 | D:7      | Noticed a cyan ugly thing
 12237 | D:7      | Noticed a purple ugly thing
 12239 | D:7      | Found a transporter.
 12239 | D:7      | Noticed a white ugly thing
 12313 | D:7      | Reached * piety under Sif Muna
 12600 | D:7      | Reached skill level 1 in Summonings
 12600 | D:7      | Reached skill level 1 in Transmutations
 12600 | D:7      | Reached skill level 1 in Air Magic
 13742 | D:8      | Reached skill level 5 in Translocations
 14523 | D:9      | Reached XP level 10. HP: 51/56 MP: 2/22
 14658 | D:9      | Noticed a two-headed ogre
 14661 | D:9      | Killed a two-headed ogre
 14834 | D:9      | Identified the +0 pair of gloves of Nilao {rElec Regen+
                  | Str-5 Int+4}
 15169 | D:9      | Found a glowing silver altar of Zin.
 15417 | D:10     | Entered Level 10 of the Dungeon
 15742 | D:10     | Reached skill level 10 in Conjurations
 15774 | D:10     | Reached ** piety under Sif Muna
 15969 | D:10     | Found a staircase to the Orcish Mines.
 16167 | D:10     | Got the Grimoire of Ashen Dislocation
 16170 | D:10     | Learned a level 1 spell: Apportation
 16355 | D:10     | Reached XP level 11. HP: 53/60 MP: 3/25
 16629 | D:10     | Found a staircase to the Lair.
 17231 | D:11     | Found a frozen archway.
 17233 | D:11     | Noticed Psyche
 17250 | D:11     | Killed Psyche
 17314 | IceCv    | Entered an ice cave
 17351 | IceCv    | Reached *** piety under Sif Muna
 17373 | IceCv    | Reached skill level 5 in Summonings
 17986 | IceCv    | Noticed a white ugly thing
 17991 | IceCv    | Killed a white ugly thing
 18611 | IceCv    | Noticed a reaper
 18616 | IceCv    | Reached skill level 5 in Air Magic
 18919 | Lair:1   | Entered Level 1 of the Lair of Beasts
 19371 | Lair:1   | Noticed Gastronok
 19384 | Lair:1   | Killed Gastronok
 19385 | Lair:1   | Reached skill level 11 in Conjurations
 19800 | Lair:1   | Noticed a seven-headed hydra
 19806 | Lair:1   | Killed a seven-headed hydra
 19807 | Lair:1   | Reached XP level 12. HP: 65/65 MP: 9/27
 20147 | Lair:2   | Reached skill level 10 in Hexes
 20152 | Lair:2   | Noticed a catoblepas
 20407 | Lair:2   | You fall into a shaft and drop 1 floor!
 20715 | Lair:3   | Reached skill level 10 in Spellcasting
 20721 | Lair:3   | Reached skill level 1 in Invocations
 20808 | Lair:3   | Learned a level 5 spell: Borgnjor's Vile Clutch
 20837 | Lair:3   | Noticed a six-headed hydra
 20842 | Lair:3   | Killed a six-headed hydra
 21222 | Lair:2   | Found a staircase to the Snake Pit.
 21240 | Lair:2   | Reached **** piety under Sif Muna
 21269 | Lair:2   | Reached skill level 1 in Necromancy
 21269 | Lair:2   | Reached skill level 1 in Earth Magic
 21769 | Lair:2   | Noticed a four-headed hydra
 21776 | Lair:2   | Killed a four-headed hydra
 22076 | Lair:2   | Killed a catoblepas
 22416 | Lair:2   | Noticed Nergalle
 22425 | Lair:2   | Killed Nergalle
 22888 | Lair:2   | Identified the +0 pair of gloves "Ibiseuh" {rElec Str+3
                  | Slay+5}
 23843 | Lair:4   | Found a staircase to the Swamp.
 23852 | Lair:4   | Noticed a catoblepas
 23870 | Lair:4   | Reached XP level 13. HP: 66/70 MP: 24/29
 23885 | Lair:4   | HP: 1/70 [seven-headed hydra (8)]
 23885 | Lair:4   | Mangled by a seven-headed hydra

Illustrated notes

Levels and vault maps discovered:
D:1:      dpeg_arrival_windows_large_door, layout_rooms
D:2:      layout_basic, basic_altar, serial_shops, shop, minmay_misc_feat_rows,
          minivault_25
D:3:      layout_loops_ring, amcnicky_altar_gilded,
          nemelex_diamond_rough_becter, dreamdust_ecumenical_altar_statues,
          eino_tiny_chamber, minmay_bisected
D:4:      layout_cave_pools, makhleb_altar_promises_db,
          gammafunk_temple_overflow_statue, chequers_serial_rivers_room_a
D:5:      layout_cave_pools, minmay_temple_entry_slanted
D:6:      layout_cave_pools, serial_rivers, chequers_serial_rivers_room_b,
          chequers_serial_rivers_micro_b, chequers_serial_rivers_large_b,
          chequers_serial_rivers_room_b, chequers_serial_rivers_micro_b,
          chequers_serial_rivers_small_a, kb_lookout_dungeons_type
D:7:      gammafunk_corrupted_shrine, layout_basic
D:8:      layout_basic
D:9:      layout_irregular_city, zin_statuary
D:10:     layout_loops_corners, erik_lair_island, orc_0_dummy
D:11:     layout_rooms, portal_ice_cave_entry_pillars_1, uniq_psyche
Temple:   eino_temple_rhombus
Lair:1:   layout_regular_city, serial_bayou_shore_b, uniq_gastronok
Lair:2:   layout_small_grid, minmay_snake_entry_guardpost_small,
          grunt_megastairs_4, infiniplex_staircase_pool_2, uniq_nergalle
Lair:3:   layout_misc_corridors, chequers_serial_rivers_room_b
Lair:4:   layout_gridlike, swamp_mist_pool, bh_autumn_forest_stairs

Skill      XL: |  1  2  3  4  5  6  7  8  9 10 11 12 |
---------------+-------------------------------------+-----
Conjurations   | 5 6 7 8 9 10 11 | 11.7
Hexes          | 2 3 4 6 7 8 9 10 | 10.9
Spellcasting   | 4 5 6 7 8 9 10 | 10.6
Translocations | 1 2 4 5 6 7 8 |  8.8
Dodging        | 3 5 6 7 9 |  9.0
Fighting       | 1 3 4 |  4.0
Summonings     | 2 4 6 7 |  7.2
Transmutations | 2 3 4 |  4.1
Air Magic      | 2 4 5 6 |  6.5
Invocations    | 2 |  2.8
Necromancy     | 2 |  2.9
Earth Magic    | 2 |  2.6
Stealth        | |  2.4

Action                   |  1- 3 |  4- 6 |  7- 9 | 10-12 | 13-15 || total
-------------------------+-------+-------+-------+-------+-------++-------
Melee: Whip              |       |     8 |       |       |       ||     8
       Dagger            |       |    10 |    13 |    10 |       ||    33
 Cast: Magic Dart        |    68 |    90 |   186 |    58 |     4 ||   406
       Searing Ray       |       |     7 |     4 |     1 |       ||    12
       Iskenderun's Myst |       |       |    48 |   140 |     4 ||   192
       Fulminant Prism   |       |       |    12 |    88 |     2 ||   102
       Summon Lightning  |       |       |       |     1 |       ||     1
  Use: Scroll            |       |     9 |     4 |     7 |       ||    20
       Potion            |       |     3 |       |       |       ||     3
Armor: Robe              |     1 |     6 |    19 |    18 |     1 ||    45
Dodge: Dodged            |     6 |    30 |    66 |    60 |       ||   162
